 Dungeon Crawl Stone Soup version 0.27-a0-3-gcf006a40f5 (webtiles) character file.

Game seed: 830205889595323037

1895962 McSplat the Peltast (level 27, 156/156 HPs)
             Began as a Vine Stalker Fighter on Jan 1, 2021.
             Was the Champion of the Shining One.
             Escaped with the Orb
             ... and 3 runes on Jan 2, 2021!
             The game lasted 02:59:03 (55895 turns).

McSplat the Peltast (Vine Stalker Fighter)         Turns: 55895, Time: 02:59:04

Health: 156/156    AC: 38    Str: 27 (29) XL:     27
Magic:  28/28      EV: 12    Int: 10      God:    the Shining One [******]
Gold:   6552       SH: 28    Dex: 12      Spells: 26/26 levels left

rFire    + + .     SeeInvis +   a - +9 trishula (holy)
rCold    + + +     Faith    .   l - +0 tower shield
rNeg     + + +     Spirit   +   f - +5 plate armour {Will+}
rPois    +         Reflect  +   H - +2 helmet "Ufuowin" {Rampage rF+ rC+++ Int-2}
rElec    +         Harm     .   E - +2 cloak {rPois}
rCorr    .         Rampage  +   x - +2 pair of gloves
Will     +++++     Rnd*Rage +   g - +2 pair of boots of Kouchyum {Slay+6}
Stlth    ..........             A - amulet of Dysoon Voesh {Reflect rC+ rN+ Int+6 Dex-2 SH+5}
HPRegen  1.16/turn              V - ring "Gamotzu" {rPois rF+ rC++ Int-5 Stlth-}
MPRegen  0.21/turn              F - ring "Zaes Lau" {rElec Will+ SInv Stlth-}

@: glowing
A: fangs 3, berserk 2, clever 1, deterioration 2, low mp 1, regeneration 2, weak
1, magic shield, antimagic bite, no potion heal 3
0: Orb of Zot
}: 3/15 runes: barnacled, slimy, gossamer
a: Renounce Religion, Divine Shield, Cleansing Flame, Summon Divine Warrior


You escaped.
You worshipped the Shining One.
The Shining One was exalted by your worship.
You visited 11 branches of the dungeon, and saw 56 of its levels.
You also visited: Trove, Sewer and Gauntlet.

You collected 9207 gold pieces.
You spent 2655 gold pieces at shops.

Inventory:

Hand Weapons
 a - a +9 trishula of holy wrath (weapon)
Missiles
 m - 51 silver javelins
 v - 2 boomerangs of dispersal
 U - 28 javelins (quivered)
 W - 14 throwing nets
Armour
 f - a +5 plate armour of willpower (worn)
 g - the +2 pair of boots of Kouchyum (worn) {Slay+6}
   (You acquired it on level 5 of the Pits of Slime)

   It affects your accuracy and damage with ranged weapons and melee attacks
   (+6).
 l - a +0 tower shield (worn)
 x - a +2 pair of gloves (worn)
 D - the +15 Maxwell's patent armour {-Cast -Tele rElec Will+ rCorr}
   (You found it on level 2 of the Depths)

   It insulates you from electricity.
   It affects your willpower, your defense against some magical effects.
   It prevents spellcasting.
   It prevents most forms of teleportation.
   It provides partial protection from all sources of acid and corrosion.
 E - a +2 cloak of poison resistance (worn)
 H - the +2 helmet "Ufuowin" (worn) {Rampage rF+ rC+++ Int-2}
   (You found it on level 3 of the Depths)

   It affects your intelligence (-2).
   It protects you from fire.
   It renders you almost immune to cold.
   It bestows one free step when moving towards enemies.
Jewellery
 A - the amulet of Dysoon Voesh (around neck) {Reflect rC+ rN+ Int+6 Dex-2 SH+5}
   (You found it on level 5 of the Pits of Slime)

   [amulet of reflection]

   It shields you and reflects attacks.
   It affects your intelligence (+6).
   It affects your dexterity (-2).
   It protects you from cold.
   It protects you from negative energy.
   It affects your SH (+5).
 F - the ring "Zaes Lau" (right hand) {rElec Will+ SInv Stlth-}
   (You bought it in a shop on level 14 of the Dungeon)

   [ring of willpower]

   It insulates you from electricity.
   It affects your willpower, your defense against some magical effects.
   It lets you see invisible.
   It makes you less stealthy.
 O - an uncursed ring of resist corrosion
 S - the ring of Abiapruv {+Inv rF++ rN+ Str-2 Stlth+}
   (You found it in a treasure trove)

   [ring of positive energy]

   It affects your strength (-2).
   It greatly protects you from fire.
   It protects you from negative energy.
   It lets you turn invisible.
   It makes you more stealthy.
 V - the ring "Gamotzu" (left hand) {rPois rF+ rC++ Int-5 Stlth-}
   (You bought it in a shop on level 2 of the Orcish Mines)

   [ring of attention]

   It affects your intelligence (-5).
   It protects you from fire.
   It greatly protects you from cold.
   It protects you from poison.
   It makes you less stealthy.
Wands
 c - a wand of polymorph (11)
 p - a wand of digging (16)
 z - a wand of flame (51)
 P - a wand of acid (13)
 T - a wand of iceblast (43)
Scrolls
 e - 5 scrolls of blinking
 j - 22 scrolls of remove curse
 k - 7 scrolls of fog
 q - 2 scrolls of summoning
 s - 31 scrolls of teleportation
 w - 2 scrolls of brand weapon
 y - 9 scrolls of amnesia
 B - 7 scrolls of fear
 C - 3 scrolls of silence
 K - 3 scrolls of holy word
 L - 2 scrolls of magic mapping
Potions
 b - 5 potions of flight
 h - 12 potions of brilliance
 n - 4 potions of resistance
 o - 28 potions of curing
 t - 14 potions of mutation
 G - 4 potions of cancellation
 J - 5 potions of haste
 N - 14 potions of ambrosia
 Y - 2 potions of magic
Miscellaneous
 i - a phial of floods
 M - a phantom mirror
 R - a box of beasts
 X - a lightning rod (4/4)


   Skills:
 - Level 20.0 Fighting
 - Level 20.0 Polearms
 + Level 17.9 Throwing
 + Level 18.4 Armour
 - Level 10.0 Dodging
 - Level 20.0 Shields
 - Level 6.1 Conjurations
 - Level 10.0 Invocations
 - Level 10.0 Evocations


You had 26 spell levels left.
You didn't know any spells.
Your spell library contained the following spells:

 Spells                   Type           Power        Failure   Level
 Magic Dart               Conj           48%          30%         1
 Foxfire                  Conj/Fire      24%          73%         1
 Shock                    Conj/Air       24%          73%         1
 Conjure Flame            Conj/Fire      6%           97%         3
 Dazzling Flash           Conj/Hex       12%          97%         3
 Static Discharge         Conj/Air       6%           97%         3
 Stone Arrow              Conj/Erth      12%          97%         3
 Animate Skeleton         Necr           0%           98%         1
 Apportation              Tloc           0%           98%         1
 Beastly Appendage        Tmut           0%           98%         1
 Corona                   Hex            0%           98%         1
 Freeze                   Ice            0%           98%         1
 Pain                     Necr           0%           98%         1
 Sting                    Tmut/Pois      0%           98%         1
 Summon Small Mammal      Summ           0%           98%         1
 Blink                    Tloc           N/A          99%         2
 Call Imp                 Summ           0%           99%         2
 Corpse Rot               Necr/Air       N/A          99%         2
 Ensorcelled Hibernation  Hex/Ice        0%           99%         2
 Poisonous Vapours        Pois/Air       0%           99%         2
 Slow                     Hex            0%           99%         2
 Swiftness                Air            0%           99%         2
 Wereblood                Tmut           0%           99%         2
 Mephitic Cloud           Conj/Pois/Air  4%           99%         3
 Call Canine Familiar     Summ           0%           100%        3
 Confusing Touch          Hex            0%           100%        3
 Frozen Ramparts          Ice            0%           100%        3
 Gell's Gravitas          Tloc           0%           100%        3
 Ignite Poison            Fire/Tmut/Pois 0%           100%        3
 Inner Flame              Hex/Fire       0%           100%        3
 Lesser Beckoning         Tloc           0%           100%        3
 Ozocubu's Armour         Ice            0%           100%        3
 Portal Projectile        Hex/Tloc       0%           100%        3
 Spider Form              Tmut/Pois      0%           100%        3
 Summon Guardian Golem    Hex/Summ       0%           100%        3
 Teleport Other           Tloc           0%           100%        3
 Tukima's Dance           Hex            0%           100%        3
 Vampiric Draining        Necr           0%           100%        3
 Airstrike                Air            0%           100%        4
 Animate Dead             Necr           0%           100%        4
 Dispel Undead            Necr           0%           100%        4
 Hailstorm                Conj/Ice       6%           100%        4
 Ice Form                 Ice/Tmut       0%           100%        4
 Iskenderun's Mystic Bla  Conj/Tloc      6%           100%        4
 Leda's Liquefaction      Hex/Erth       0%           100%        4
 Passage of Golubria      Tloc           N/A          100%        4
 Petrify                  Tmut/Erth      0%           100%        4
 Sticky Flame             Conj/Fire      6%           100%        4
 Summon Ice Beast         Ice/Summ       0%           100%        4
 Summon Lightning Spire   Summ/Air       0%           100%        4
 Agony                    Necr           0%           100%        5
 Alistair's Intoxication  Tmut/Pois      0%           100%        5
 Blade Hands              Tmut           0%           100%        5
 Bolt of Magma            Conj/Fire/Erth 2%           100%        5
 Borgnjor's Vile Clutch   Necr/Erth      0%           100%        5
 Fireball                 Conj/Fire      3%           100%        5
 Irradiate                Conj/Tmut      3%           100%        5
 Iskenderun's Battlesphe  Conj           12%          100%        5
 Lee's Rapid Deconstruct  Erth           0%           100%        5
 Lightning Bolt           Conj/Air       3%           100%        5
 Metabolic Englaciation   Hex/Ice        0%           100%        5
 Summon Forest            Summ/Tloc      0%           100%        5
 Yara's Violent Unravell  Hex/Tmut       0%           100%        5
 Eringya's Noxious Bog    Tmut/Pois      0%           100%        6
 Freezing Cloud           Conj/Ice/Air   2%           100%        6
 Hydra Form               Tmut           0%           100%        6
 Invisibility             Hex            0%           100%        6
 Iron Shot                Conj/Erth      3%           100%        6
 Ozocubu's Refrigeration  Ice            0%           100%        6
 Simulacrum               Ice/Necr       0%           100%        6
 Starburst                Conj/Fire      3%           100%        6
 Statue Form              Tmut/Erth      0%           100%        6
 Malign Gateway           Summ/Tloc      0%           100%        7
 Orb of Destruction       Conj           6%           100%        7
 Spellforged Servitor     Conj/Summ      3%           100%        7
 Summon Hydra             Summ           0%           100%        7
 Disjunction              Tloc           0%           100%        8
 Ignition                 Fire           0%           100%        8
 Shatter                  Erth           0%           100%        9
 Tornado                  Air            0%           100%        9


Dungeon Overview and Level Annotations

Branches:
Dungeon (15/15)            Temple (0/1) D:5            Lair (6/6) D:11
 Shoals (4/4) Lair:3       Spider (4/4) Lair:2        Slime (5/5) Lair:6
    Orc (2/2) D:12            Elf (3/3) Orc:2        Vaults (4/5) D:13
  Crypt (3/3) Vaults:2       Tomb (0/3) Crypt:3      Depths (5/5) D:15
    Zot (5/5) Depths:5      Sewer (visited)         Gauntlet (visited)

Altars:
Cheibriados
Dithmenos
Gozag
Kikubaaqudgha
Makhleb
Qazlal
Sif Muna
Trog
Vehumet
Yredelemnul
The Shining One
Jiyva

Shops:
D:14 =   D:15 (   Orc:1 :   Orc:2 (!=}   Elf:2 [   Elf:3 *   Shoals:1 *
Shoals:4 !   Vaults:1 !   Vaults:2 [[:(   Vaults:4 ?   Depths:2 [(=
Depths:5 (=

Portals:
Hell: Depths:1 Depths:2 Depths:3 Depths:4 Depths:5
Abyss: Depths:4
Pandemonium: Depths:3
Ziggurat: Depths:5

Annotations:
D:7 1 runed translucent door
D:15 Roxanne
Lair:2 exclusion: 2 oklob plants
Orc:1 1 runed translucent door, rgaf's ghost, journeyman NaTm
Elf:2 5 runed translucent doors, exclusion: orange crystal statue
Vaults:1 1 runed translucent door, exclusions: door and 2 ice statues, Quudwopt's ghost, adept MfGl
Vaults:2 36 runed doors
Depths:3 2 transporters
Depths:5 6 runed translucent doors


Innate Abilities, Weirdness & Mutations

You have razor-sharp teeth.
You heal very quickly.
When hurt, damage is shared between your health and your magic reserves.
Your bite disrupts and absorbs the magic of your enemies.
Potions cannot restore your health.
You often lose your temper in combat.
Your mind is acute. (Int +2)
Your body often deteriorates upon taking damage.
Your magical capacity is low. (-10% MP)
You are weak. (Str -2)


Message History

(N) Spider Nest (M) Slime Pits (O) Orcish Mines (E) Elven Halls (V) Vaults (C) Crypt (W) Tomb (U) Depths (H) Hell (Z) Zot
Where to? (Enter - D:1 @ (x,y), ? - help)
Okay, then.
Unknown command.
(D) Dungeon (T) Temple (L) Lair (A) Shoals (N) Spider Nest (M) Slime Pits (O) Orcish Mines (E) Elven Halls (V) Vaults (C) Crypt (W) Tomb (U) Depths (H) Hell (Z) Zot
Where to? (Enter - D:1 @ (x,y), ? - help)
What level of the Dungeon? (default 1, ? - help)
Things that are here:
a +0 scale mail; a +0 whip; an orc skeleton You see here a glowing leather armour.
There is a stone staircase leading up here.
You climb upwards.
There is a stone staircase leading down here.
There is a staircase leading out of the dungeon here.
You have escaped!

#### #........#######.# ##..###
#.###.....##.....##### #.....##
#.##..#......###.....#
#.###..####.#..#.#..#.#........#
#.# ##.#......#...#............#
..# #...#####.....#####.......#
#######...#...........#........#
....###....#.........#.........#
....##.....#....@....#.....###.#
(.........#...........#....# #.#
....##...#####.....#####).## #†##
....##........#...#.......# #...
........#.#....#.#.....##.# ##.#P
....###.#...#...#.....##..###...P
....###.#...#.......####.##...♣..
..#.##....#.#.......# #.##.....≈
........#.#.........# ##.##.....≈


There were no monsters in sight!

Vanquished Creatures
  the Royal Jelly (Slime:5)
  3 orbs of fire (Zot:5)
  8 ancient liches
  Sojobo (Vaults:3)
  Saint Roka (Vaults:1)
  Xtahua (Depths:3)
  2 Killer Klowns (Zot:5)
  Frederick (Crypt:1)
  4 caustic shrikes
  4 golden dragons
  2 curse toes
  3 liches
  3 bone dragons
  An electric golem (Zot:5)
  A Tzitzimitl (Zot:1)
  A Brimstone Fiend (Zot:2)
  Arachne (Spider:4)
  Rupert (Lair:3)
  5 tentacled monstrosities
  A deep elf blademaster (Elf:3)
  27 Orb Guardians
  Asterion (Elf:2)
  9 acid blobs
  A titan (Depths:5)
  6 ancient champions
  2 deep elf master archers (Elf:3)
  An Executioner (Zot:5)
  A quicksilver dragon (Zot:5)
  Polyphemus (Shoals:2)
  4 death cobs
  An eldritch tentacle (Vaults:1)
  6 storm dragons
  Kirke (Elf:1)
  4 tengu reavers
  10 sphinxes
  4 draconian monks
  2 revenants
  12 azure jellies
  8 fire giants
  An iron dragon (Vaults:1)
  9 vault wardens
  8 frost giants
  6 draconian knights
  2 curse skulls
  A balrug (Vaults:2)
  9 deep elf sorcerers
  5 ghost moths (Spider:4)
  A warmonger (D:8)
  2 draconian scorchers (Zot:5)
  2 draconian stormcallers (Zot:5)
  2 deep elf elementalists (Elf:3)
  6 ghouls
  2 draconian shifters (Zot:5)
  13 ironheart preservers
  A draconian annihilator (Zot:5)
  2 blood saints (D:8)
  12 stone giants
  6 vampire knights
  14 very ugly things
  8 deep elf demonologists
  7 green draconians
  5 yellow draconians
  3 deep elf annihilators (Elf:3)
  4 purple draconians
  5 black draconians
  Azrael (D:14)
  A minotaur (Gauntlet)
  5 red draconians (Depths:5)
  5 entropy weavers
  5 white draconians
  17 spark wasps
  5 eidola
  5 merfolk javelineers
  A crystal guardian (Vaults:4)
  5 death oozes (Slime:5)
  4 deep elf death magi
  10 fire dragons
  7 ettins
  11 jiangshi
  A fire dragon (shapeshifter) (Depths:1)
  A deep elf high priest (Depths:5)
  9 merfolk impalers
  14 great orbs of eyes
  7 rakshasas
  Fannar (Lair:2)
  2 hell beasts
  15 yaktaur captains
  3 quicksilver dragon skeletons
  5 vault guards
  17 boulder beetles
  6 merfolk avatars
  6 catoblepae
  14 ice dragons
  14 centaur warriors
  19 hydras
  An alligator snapping turtle (Shoals:4)
  A fenstrider witch skeleton (Crypt:2)
  A merfolk aquamancer (Shoals:4)
  41 two-headed ogres
  9 tengu warriors
  3 satyrs
  19 ogre magi
  9 death yaks
  12 dancing weapons
  6 death knights
  2 orc high priests
  8 deep troll shamans
  A queen ant (Spider:2)
  A death scarab (Gauntlet)
  12 deep troll earth magi
  5 vampire magi
  Urug (Orc:2)
  A storm dragon zombie (Crypt:3)
  9 spriggan berserkers
  30 deep elf knights
  A soul eater (Crypt:3)
  25 hell knights
  An iron troll (Depths:5)
  12 skeletal warriors
  10 unseen horrors
  5 shadow wraiths
  2 fire crabs (Shoals:2)
  9 sea snakes
  A bog body (Crypt:2)
  An unseen horror (shapeshifter) (Vaults:2)
  A death drake (shapeshifter) (Vaults:2)
  A fire crab (shapeshifter) (Elf:2)
  28 deep trolls
  6 flayed ghosts
  2 tengu zombies (Vaults:4)
  9 wizards
  14 orc knights
  A gelid demonspawn (Depths:3)
  8 glowing orange brains
  A torturous demonspawn (Depths:3)
  31 deep elf archers
  An iron giant skeleton (Crypt:2)
  8 phantasmal warriors
  9 ironbrand convokers
  26 harpies
  22 orb spiders
  69 deep elf magi
  A wolf spider zombie (D:14)
  7 necromancers
  A lindwurm (shapeshifter) (D:14)
  16 manticores
  2 manticores (shapeshifter)
  3 oklob plants (Lair:6)
  4 orc sorcerers
  47 ugly things
  An eleionoma zombie (Crypt:1)
  A frost giant zombie (D:15)
  25 wolf spiders
  4 fauns (Shoals:2)
  9 moths of wrath
  7 cyclopes
  6 shining eyes
  2 merfolk sirens
  An eye of devastation (Slime:3)
  3 centaur zombies
  8 vault sentinels
  A naga mage (Vaults:4)
  4 elephants
  2 frost giant skeletons
  An elephant (shapeshifter) (Depths:5)
  2 water nymphs
  A rust devil (Gauntlet)
  2 black mambas
  A cane toad (shapeshifter) (Vaults:3)
  3 gargoyles
  A storm dragon simulacrum (Vaults:1)
  13 cane toads
  A shock serpent skeleton (Crypt:1)
  An orange demon (Depths:3)
  2 centaur skeletons (D:14)
  15 freezing wraiths
  A kobold demonologist (D:12)
  Maggie (Lair:1)
  2 rime drakes (shapeshifter)
  2 komodo dragons (shapeshifter)
  An efreet (D:14)
  17 demonic crawlers
  57 yaktaurs
  10 komodo dragons
  3 rime drakes
  4 guardian mummies (Crypt:1)
  An anaconda simulacrum (Vaults:1)
  An ice devil (Depths:3)
  3 tengu conjurers
  2 tormentors
  A queen bee (Spider:4)
  32 merfolk
  A shadow dragon simulacrum (Crypt:1)
  A hydra zombie (Crypt:3)
  37 jumping spiders
  2 polar bears
  A meliai (shapeshifter) (Vaults:3)
  6 meliai
  6 trolls
  17 hornets
  6 wind drakes
  12 blink frogs
  5 snapping turtles
  A fire dragon zombie (Crypt:2)
  82 slime creatures
  A moth of wrath zombie (Crypt:3)
  5 dream sheep (Lair:2)
  A spectral black mamba (Gauntlet)
  An ice dragon zombie (D:15)
  An ettin skeleton (Crypt:3)
  3 ice dragon skeletons
  61 redbacks
  2 vampires (D:14)
  2 spriggans (shapeshifter)
  A ynoxinul (Depths:3)
  13 flying skulls
  A shadow (D:15)
  6 spriggans
  An orc simulacrum (Vaults:2)
  5 air elementals
  Sigmund (D:4)
  21 water elementals
  A black mamba skeleton (Crypt:3)
  8 wraiths
  3 fire elementals
  11 basilisks
  7 wyverns
  2 hogs
  29 tarantellas
  9 humans (D:13)
  30 yaks
  17 golden eyes
  A fire bat (Shoals:2)
  A steam dragon (D:14)
  4 vampire mosquitoes
  A human simulacrum (Vaults:2)
  3 large abominations
  Menkaure (D:4)
  A faun zombie (Crypt:3)
  2 spatial vortices (Vaults:1)
  2 harpy simulacra
  8 wargs
  15 soldier ants
  5 hell hounds
  12 water moccasins
  2 soldier ants (shapeshifter)
  A merfolk zombie (Crypt:2)
  3 floating eyes
  A monstrous demonspawn skeleton (Crypt:3)
  A meliai simulacrum (D:14)
  5 eyes of draining
  32 orc warriors
  2 ice beasts
  A fire dragon simulacrum (Vaults:1)
  2 hornet zombies
  An ogre (shapeshifter) (Elf:1)
  3 phantoms
  5 sky beasts
  An ettin simulacrum (Vaults:3)
  3 black mamba simulacra (Vaults:1)
  A swamp dragon zombie (Crypt:1)
  3 black bears
  2 snapping turtle zombies
  29 centaurs
  6 necrophages
  15 wolves
  A lindwurm skeleton (Crypt:1)
  12 boggarts
  A hog zombie (Crypt:1)
  35 ogres
  A dream sheep skeleton (Crypt:3)
  A big kobold (D:11)
  A cyclops zombie (Crypt:2)
  2 wyvern zombies
  10 earth elementals
  An elf skeleton (D:14)
  26 bullfrogs
  A gnoll sergeant (Orc:2)
  6 small abominations (Gauntlet)
  4 scorpions
  An elephant simulacrum (Vaults:1)
  21 killer bees (Spider:4)
  16 wights
  A troll skeleton (Crypt:3)
  A tengu skeleton (D:15)
  A vampire bat (Vaults:1)
  An electric eel (D:14)
  2 bullfrog zombies
  7 human zombies
  A wolf skeleton (Crypt:1)
  12 hounds
  12 jellies
  A quasit (D:10)
  16 orc priests
  A gnoll shaman (D:12)
  Crazy Yiuf (D:6)
  4 iguanas
  Ijyb (D:3)
  A soldier ant zombie (Crypt:1)
  36 worker ants
  26 orc wizards
  5 human skeletons
  A troll simulacrum (Vaults:1)
  A naga zombie (Crypt:2)
  An ogre zombie (D:14)
  2 ogre skeletons
  A hound zombie (D:9)
  2 hound skeletons
  10 mummies
  2 worker ant zombies
  11 gnolls
  15 adders
  2 river rats (D:6)
  3 shadow imps
  5 white imps
  An ufetubus (D:8)
  14 oozes
  An iguana zombie (Crypt:3)
  A worm zombie (Crypt:3)
  An adder skeleton (D:7)
  A lava snake skeleton (Crypt:3)
  5 worms
  3 dart slugs
  4 leopard geckos
  86 orcs
  10 bats
  2 bat skeletons (D:2)
  8 giant cockroaches
  19 goblins
  6 hobgoblins
  3 jackals
  19 kobolds
  5 quokkas
  3 ball pythons
  13 frilled lizards
  A jackal zombie (D:7)
  An orc skeleton (D:14)
  An orc zombie (D:14)
  2 quokka skeletons
  4 rats
2445 creatures vanquished.

Vanquished Creatures (collateral kills)
  Mara (Vaults:3)
  An ancient lich (Zot:5)
  A Killer Klown (Zot:5)
  A deep elf blademaster (Elf:3)
  3 acid blobs (Slime:5)
  A deep elf sorcerer (Elf:3)
  An emperor scorpion (Spider:4)
  Louise (D:15)
  A jiangshi (Crypt:1)
  2 merfolk impalers
  2 deep elf high priests (Elf:3)
  A fire dragon (Elf:3)
  A hydra (Elf:3)
  A merfolk aquamancer (Shoals:3)
  An orc high priest (Orc:2)
  A skeletal warrior (Crypt:1)
  A phantasmal warrior (Crypt:1)
  3 harpies (Shoals:3)
  2 manticores (Elf:3)
  An efreet (D:15)
  A guardian mummy (Crypt:1)
  4 merfolk
  A snapping turtle (Shoals:3)
  A hell hound (Elf:3)
  An orc warrior (Orc:2)
  An orc priest (Vaults:1)
  A worker ant (D:11)
  An orc (Vaults:1)
38 creatures vanquished.

Vanquished Creatures (others)
  A deep elf high priest (Elf:2)
  A vault guard (D:13)
  A tarantella (Spider:4)
  A human (Elf:1)
  2 bushes (Lair:2)
  31 demonic plants (Gauntlet)
  29 fungi
  112 plants
  23 withered plants
201 creatures vanquished.

Grand Total: 2684 creatures vanquished

Notes
Turn   | Place    | Note
-------+----------+-------------------------------------------
     0 | D:1      | McSplat the Vine Stalker Fighter began the quest for the
                  | Orb.
     0 | D:1      | Reached XP level 1. HP: 11/11 MP: 2/2
   154 | D:1      | Reached XP level 2. HP: 16/16 MP: 3/3
   504 | D:2      | Reached XP level 3. HP: 15/19 MP: 2/4
   683 | D:2      | Gained mutation: Your natural rate of healing is unusually
                  | fast. [Vine Stalker growth]
   683 | D:2      | Reached XP level 4. HP: 23/23 MP: 5/5
   880 | D:2      | Reached XP level 5. HP: 27/27 MP: 6/6
  1692 | D:3      | Reached XP level 6. HP: 32/32 MP: 7/7
  2005 | D:3      | Noticed Ijyb
  2128 | D:3      | Killed Ijyb
  2242 | D:3      | Found a glowing golden altar of the Shining One.
  2257 | D:3      | Became a worshipper of the Shining One
  2483 | D:3      | Learned a level 1 spell: Magic Dart
  2601 | D:4      | Reached skill level 5 in Polearms
  2604 | D:4      | Reached skill level 1 in Conjurations
  2783 | D:4      | Noticed Sigmund
  2802 | D:4      | Killed Sigmund
  2803 | D:4      | Reached XP level 7. HP: 35/35 MP: 8/8
  2843 | D:4      | Noticed Menkaure
  2846 | D:4      | Killed Menkaure
  2911 | D:4      | Found a shadowy altar of Dithmenos.
  2918 | D:4      | Reached skill level 5 in Shields
  2973 | D:4      | Found an opulent altar of Gozag.
  3164 | D:5      | Entered Level 5 of the Dungeon
  3496 | D:5      | Gained mutation: You have razor-sharp teeth. [Vine Stalker
                  | growth]
  3496 | D:5      | Reached XP level 8. HP: 39/39 MP: 9/9
  3904 | D:5      | Found a staircase to the Ecumenical Temple.
  4365 | D:6      | Found a runed translucent door.
  4366 | D:6      | Noticed Crazy Yiuf
  4620 | D:6      | Reached skill level 5 in Conjurations
  4620 | D:6      | Found a glowing drain.
  4652 | Sewer    | Entered a sewer
  4657 | Sewer    | Reached * piety under the Shining One
  4800 | Sewer    | Reached XP level 9. HP: 43/43 MP: 10/10
  5276 | D:6      | Killed Crazy Yiuf
  5348 | D:7      | Found a snail-covered altar of Cheibriados.
  5818 | D:7      | Found a runed translucent door.
  5819 | D:7      | Found a burning altar of Makhleb.
  5819 | D:7      | Noticed a sixfirhy
  6501 | D:8      | Reached ** piety under the Shining One
  6698 | D:8      | Noticed a meliai
  6704 | D:8      | Killed a meliai
  6705 | D:8      | Reached XP level 10. HP: 42/49 MP: 9/11
  7098 | D:9      | Found a glowing golden altar of the Shining One.
  7481 | D:10     | Entered Level 10 of the Dungeon
  7641 | D:10     | Noticed a centaur warrior
  7649 | D:10     | Killed a centaur warrior
  7650 | D:10     | Reached skill level 5 in Fighting
  7963 | D:10     | Got a scorched scythe
  7964 | D:10     | Identified the +10 scythe "Jellyslayer" {protect, *Contam
                  | Will- Str+8 SInv} (You found it on level 10 of the Dungeon)
  8280 | D:11     | Reached *** piety under the Shining One
  8285 | D:11     | Noticed a brown ugly thing
  8313 | D:11     | Killed a brown ugly thing
  8453 | D:11     | Reached XP level 11. HP: 56/56 MP: 12/12
  8824 | D:11     | Found a staircase to the Lair.
  8928 | D:11     | Found a portal to a secret trove of treasure.
  8966 | D:11     | You fall into a shaft and drop 1 floor!
  8966 | D:12     | Found a staircase to the Orcish Mines.
  8967 | D:12     | Noticed a deep elf mage
  8991 | D:12     | Noticed a boulder beetle
  9245 | D:12     | Reached skill level 10 in Polearms
  9286 | D:12     | Noticed a boulder beetle
  9311 | D:12     | Killed a boulder beetle
  9324 | D:12     | Killed a boulder beetle
  9561 | D:12     | Reached skill level 10 in Shields
  9979 | Lair:1   | Entered Level 1 of the Lair of Beasts
 10140 | Lair:1   | Reached **** piety under the Shining One
 10260 | Lair:1   | Noticed Maggie
 10278 | Lair:1   | Killed Maggie
 10498 | Lair:1   | Reached skill level 1 in Invocations
 10555 | Lair:1   | Gained mutation: You heal very quickly. [Vine Stalker
                  | growth]
 10555 | Lair:1   | Reached XP level 12. HP: 59/64 MP: 12/14
 10637 | Lair:1   | You fall into a shaft and drop 1 floor!
 10637 | Lair:2   | Noticed Fannar
 10637 | Lair:2   | Noticed a seven-headed hydra
 10743 | Lair:2   | Noticed a four-headed hydra
 10747 | Lair:2   | Killed a four-headed hydra
 11154 | Lair:2   | Killed Fannar
 11190 | Lair:2   | Found a hole to the Spider Nest.
 11248 | Lair:2   | Killed a seven-headed hydra
 11249 | Lair:2   | Reached skill level 5 in Invocations
 11964 | Lair:3   | Reached ***** piety under the Shining One
 11978 | Lair:3   | Reached XP level 13. HP: 59/68 MP: 18/18
 12159 | Lair:3   | Noticed Rupert
 12177 | Lair:3   | Killed Rupert
 12409 | Lair:3   | Found a staircase to the Shoals.
 14056 | Lair:5   | Found a gate leading to a gauntlet.
 14065 | Gauntlet | Entered a Gauntlet
 14065 | Gauntlet | Found a large runed translucent door.
 14065 | Gauntlet | Found a large runed translucent door.
 14065 | Gauntlet | Found a large runed translucent door.
 14065 | Gauntlet | Found a large runed translucent door.
 14065 | Gauntlet | Found a runed translucent door.
 14065 | Gauntlet | Found a large runed translucent door.
 14065 | Gauntlet | Found a large runed translucent door.
 14065 | Gauntlet | Found a transporter.
 14065 | Gauntlet | Found a transporter.
 14065 | Gauntlet | Found a large runed translucent door.
 14065 | Gauntlet | Found a large runed translucent door.
 14065 | Gauntlet | Found a runed translucent gate.
 14065 | Gauntlet | Found a runed translucent gate.
 14065 | Gauntlet | Found a transporter.
 14066 | Gauntlet | Found a transporter.
 14069 | Gauntlet | Found a transporter.
 14070 | Gauntlet | Found a runed translucent gate.
 14070 | Gauntlet | Found a runed translucent door.
 14074 | Gauntlet | Found a large runed translucent door.
 14074 | Gauntlet | Found a large runed translucent door.
 14075 | Gauntlet | Found the +8 demon trident "Rift" {distort, reach+}
 14075 | Gauntlet | Found a large runed translucent door.
 14076 | Gauntlet | Found a large runed translucent door.
 14080 | Gauntlet | Found a transporter.
 14085 | Gauntlet | Found a large runed translucent door.
 14085 | Gauntlet | Found a large runed translucent door.
 14086 | Gauntlet | Found a transporter.
 14088 | Gauntlet | Found a transporter.
 14103 | Gauntlet | Found a transporter.
 14123 | Gauntlet | Found a transporter.
 14150 | Gauntlet | Found a transporter.
 14173 | Gauntlet | Found a large runed translucent door.
 14173 | Gauntlet | Found a large runed translucent door.
 14219 | Gauntlet | Found a transporter.
 14458 | Gauntlet | Got a crude helmet
 14473 | Gauntlet | Identified the -3 helmet "Cyom" {Str+4 Int+4 SInv} (You
                  | found it in a Gauntlet)
 14488 | Gauntlet | Identified the ring "Enup" {AC+4 Int+2}
 14488 | Gauntlet | Noticed a minotaur
 14500 | Gauntlet | Killed a minotaur
 14509 | Gauntlet | Identified the Guide on Dark Arts and the Volcanoes
 14651 | Lair:5   | Reached XP level 14. HP: 71/72 MP: 19/21
 15064 | Lair:6   | Entered Level 6 of the Lair of Beasts
 15197 | Lair:6   | Identified a scroll of acquirement
 15198 | Lair:6   | Acquired the +2 pair of boots of Midwinter {Dex+4}
 16193 | Orc:1    | Entered Level 1 of the Orcish Mines
 16261 | Orc:1    | Reached ****** piety under the Shining One
 16428 | Orc:1    | Found a runed translucent door.
 16430 | Orc:1    | Noticed rgaf's ghost (journeyman NaTm)
 16501 | Orc:1    | Found Olupo's Book Boutique.
 16623 | Orc:2    | Entered Level 2 of the Orcish Mines
 16757 | Orc:2    | Found a staircase to the Elven Halls.
 16774 | Orc:2    | Noticed Urug
 16789 | Orc:2    | Killed Urug
 17082 | Orc:2    | Identified the cursed -8 tower shield of Grottiness {-Tele
                  | rF+ Will+}
 17465 | Orc:2    | Reached skill level 5 in Armour
 17487 | Orc:2    | Gained mutation: You tend to lose your temper in combat. [a
                  | neqoxec]
 17579 | Orc:2    | Found Tazuivve's Distillery.
 17579 | Orc:2    | Found Zaec's Weapon Shop.
 17588 | Orc:2    | Found Jora's Gadget Shoppe.
 17588 | Orc:2    | Found Ycuasoti's Jewellery Shop.
 17603 | Orc:2    | Bought the ring "Gamotzu" {rPois rF+ rC++ Int-5 Stlth-} for
                  | 359 gold pieces
 17813 | D:12     | Reached XP level 15. HP: 77/77 MP: 22/22
 18552 | D:13     | Found a gate to the Vaults.
 18557 | D:13     | Got a crude plate armour
 18591 | D:13     | Identified the cursed +1 plate armour of the Chupacabra
                  | {+Blink Dex+2} (You found it on level 13 of the Dungeon)
 19009 | D:14     | Found Okett's Jewellery Shop.
 19017 | D:14     | Bought the ring "Zaes Lau" {rElec Will+ SInv Stlth-} for
                  | 668 gold pieces
 19079 | D:14     | Found a basalt altar of Yredelemnul.
 19391 | D:15     | Entered Level 15 of the Dungeon
 19470 | D:15     | Noticed Louise
 19492 | D:15     | Killed Louise
 19833 | D:15     | Noticed Roxanne
 19854 | D:15     | Identified a +5 trishula of holy wrath (a +3 vampiric demon
                  | trident blessed by the Shining One)
 19854 | D:15     | Received a gift from the Shining One
 19989 | D:15     | Found a staircase to the Depths.
 20185 | D:15     | Reached XP level 16. HP: 85/85 MP: 23/23
 20251 | D:15     | Reached skill level 10 in Fighting
 20343 | D:15     | Found Bowneit's Antique Weapon Shop.
 20788 | D:14     | Reached skill level 15 in Shields
 21155 | D:14     | Noticed Azrael
 21169 | D:14     | Killed Azrael
 21831 | Spider:1 | Entered Level 1 of the Spider Nest
 23409 | Spider:2 | Reached XP level 17. HP: 91/91 MP: 24/24
 24098 | Spider:3 | Reached skill level 10 in Armour
 24564 | Spider:4 | Entered Level 4 of the Spider Nest
 24990 | Spider:4 | Noticed Arachne
 25004 | Spider:4 | Killed Arachne
 25259 | Spider:4 | Got a gossamer rune of Zot
 25500 | Spider:4 | Reached XP level 18. HP: 100/100 MP: 25/25
 25762 | Shoals:1 | Entered Level 1 of the Shoals
 25981 | Shoals:1 | Found Uzui's Assorted Antiques.
 26907 | Shoals:2 | Noticed Polyphemus
 26954 | Shoals:2 | Killed Polyphemus
 27422 | Shoals:4 | Entered Level 4 of the Shoals
 27824 | Shoals:4 | Got a barnacled rune of Zot
 27854 | Shoals:4 | Got a coiled emerald amulet
 27855 | Shoals:4 | Identified the amulet of Temptation {Inacc rC+ Will+ SInv
                  | Stlth+} (You found it on level 4 of the Shoals)
 28079 | Vaults:1 | Entered Level 1 of the Vaults
 28154 | Vaults:1 | Identified Darub's Reference Book on the Compass
 28514 | Vaults:1 | Reached XP level 19. HP: 107/107 MP: 26/26
 28643 | Vaults:1 | Reached skill level 15 in Fighting
 28666 | Vaults:1 | Found a runed translucent door.
 28666 | Vaults:1 | Noticed Quudwopt's ghost (adept MfGl)
 28868 | Vaults:1 | Identified the Disquisition on the Mountains
 28912 | Vaults:1 | Found Ekipih's Distillery.
 29167 | Vaults:1 | Identified Sif Muna's Papyrus of Transformation
 30137 | Vaults:1 | Noticed Saint Roka
 30197 | Vaults:1 | Killed Saint Roka
 30772 | Vaults:2 | Found a huge runed gate.
 30772 | Vaults:2 | Found a huge runed gate.
 30777 | Vaults:2 | Found a huge runed gate.
 30780 | Vaults:2 | Found a huge runed gate.
 30784 | Vaults:2 | Found a huge runed gate.
 30784 | Vaults:2 | Found a huge runed gate.
 30785 | Vaults:2 | Found a huge runed gate.
 30785 | Vaults:2 | Found a huge runed gate.
 30785 | Vaults:2 | Found a huge runed gate.
 30785 | Vaults:2 | Found a huge runed gate.
 30790 | Vaults:2 | Found a huge runed gate.
 30790 | Vaults:2 | Found a huge runed gate.
 30790 | Vaults:2 | Found a huge runed gate.
 30790 | Vaults:2 | Found a huge runed gate.
 30790 | Vaults:2 | Found a huge runed gate.
 30790 | Vaults:2 | Found a huge runed gate.
 30790 | Vaults:2 | Found a huge runed gate.
 30791 | Vaults:2 | Found a huge runed gate.
 30792 | Vaults:2 | Found a huge runed gate.
 30794 | Vaults:2 | Found Dovvistro's Weapon Boutique.
 30835 | Vaults:2 | Found a huge runed gate.
 30835 | Vaults:2 | Found a huge runed gate.
 30835 | Vaults:2 | Found a huge runed gate.
 30835 | Vaults:2 | Found a huge runed gate.
 30835 | Vaults:2 | Found a huge runed gate.
 30835 | Vaults:2 | Found a huge runed gate.
 30835 | Vaults:2 | Found a huge runed gate.
 30836 | Vaults:2 | Found a huge runed gate.
 30837 | Vaults:2 | Found a huge runed gate.
 30845 | Vaults:2 | Found a huge runed gate.
 30845 | Vaults:2 | Found a huge runed gate.
 30845 | Vaults:2 | Found a huge runed gate.
 30845 | Vaults:2 | Found a huge runed gate.
 30845 | Vaults:2 | Found a huge runed gate.
 30845 | Vaults:2 | Found a huge runed gate.
 30845 | Vaults:2 | Found a huge runed gate.
 30846 | Vaults:2 | Found a huge runed gate.
 31124 | Vaults:2 | Found a stormy altar of Qazlal.
 31139 | Vaults:2 | Found Ugegilor's Antique Armour Emporium.
 31140 | Vaults:2 | Found Joing's Book Boutique.
 31141 | Vaults:2 | Found Ufourasora's Antique Armour Boutique.
 31169 | Vaults:2 | Bought a manual of Throwing for 1324 gold pieces
 31176 | Vaults:2 | Bought a faintly humming helmet for 199 gold pieces
 31176 | Vaults:2 | Identified the +2 helmet of the Albatross {Will- rCorr
                  | Int+8} (You bought it in a shop on level 2 of the Vaults)
 31259 | Vaults:2 | Reached XP level 20. HP: 116/116 MP: 27/27
 31273 | Vaults:2 | Reached skill level 1 in Throwing
 32415 | Shoals:4 | Found Wer Hiag's Distillery.
 32429 | Shoals:4 | Reached skill level 5 in Throwing
 32971 | Vaults:2 | Found a staircase to the Crypt.
 33546 | Vaults:3 | Noticed Mara
 33549 | Vaults:3 | Noticed McSplat's illusion
 33557 | Vaults:3 | Noticed McSplat's illusion
 33562 | Vaults:3 | Killed Mara
 33888 | Vaults:3 | Reached XP level 21. HP: 93/121 MP: 21/28
 34212 | Vaults:3 | Noticed Sojobo
 34383 | Crypt:1  | Entered Level 1 of the Crypt
 34535 | Crypt:1  | Noticed Frederick
 34553 | Crypt:1  | Killed Frederick
 34554 | Crypt:1  | Reached skill level 10 in Throwing
 36830 | Crypt:3  | Entered Level 3 of the Crypt
 36877 | Crypt:3  | Reached skill level 1 in Evocations
 37177 | Crypt:3  | Acquired 597 gold pieces
 37278 | Crypt:3  | Found a staircase to the Tomb.
 37425 | Crypt:3  | Noticed a curse toe
 37433 | Crypt:3  | Noticed a bone dragon
 37468 | Crypt:3  | Killed a bone dragon
 37469 | Crypt:3  | Reached skill level 10 in Invocations
 37474 | Crypt:3  | Killed a curse toe
 37475 | Crypt:3  | Reached XP level 22. HP: 130/130 MP: 30/30
 37506 | Crypt:3  | Noticed an ancient lich
 37757 | Crypt:3  | Noticed an ancient lich
 37766 | Crypt:3  | Killed an ancient lich
 38081 | Elf:1    | Entered Level 1 of the Elven Halls
 38086 | Elf:1    | Reached skill level 5 in Evocations
 38580 | Elf:1    | Noticed Kirke
 38585 | Elf:1    | Killed Kirke
 39224 | Elf:2    | Noticed Asterion
 39239 | Elf:2    | Killed Asterion
 39249 | Elf:2    | Found Alet's Antique Armour Shop.
 39302 | Elf:2    | Found a huge runed translucent gate.
 39304 | Elf:2    | Found a huge runed translucent gate.
 39307 | Elf:2    | Found a huge runed translucent gate.
 39308 | Elf:2    | Found a huge runed translucent gate.
 39308 | Elf:2    | Found a huge runed translucent gate.
 39557 | Elf:3    | Entered Level 3 of the Elven Halls
 39586 | Elf:3    | Found an ancient bone altar of Kikubaaqudgha.
 40087 | Elf:3    | Found Xudihiv's Assorted Antiques.
 40205 | Elf:3    | Reached XP level 23. HP: 128/137 MP: 31/31
 40456 | Elf:3    | Reached skill level 10 in Evocations
 40507 | Elf:3    | Reached skill level 1 in Dodging
 40696 | Elf:3    | Got a pair of faintly humming boots
 40697 | Elf:3    | Identified the +1 pair of boots "Seting" {Regen+} (You
                  | found it on level 3 of the Elven Halls)
 40875 | Elf:3    | Found the +4 dagger "Morg" {pain, Will+ Int+5}
 40928 | Elf:3    | Got a topaz-encrusted plate armour
 40929 | Elf:3    | Identified the +1 plate armour "Xost" {*Contam Int+9} (You
                  | found it on level 3 of the Elven Halls)
 41825 | Vaults:3 | Killed Sojobo
 42368 | Vaults:4 | Found Tuhaoc's Magic Scroll Shop.
 42507 | Vaults:4 | Reached skill level 5 in Dodging
 42754 | Vaults:4 | Reached skill level 15 in Polearms
 42979 | Vaults:4 | Reached XP level 24. HP: 142/142 MP: 31/31
 43341 | Vaults:4 | Bought a scroll of enchant weapon for 105 gold pieces
 43598 | D:11     | You paid a toll of a +7 demon trident to enter a treasure
                  | trove
 43599 | Trove    | Entered a treasure trove
 43615 | Trove    | Got an ancient steel ring
 43617 | Trove    | Got a slimy platinum ring
 43621 | Trove    | Got a shimmering amber ring
 43623 | Trove    | Got a scorched bronze ring
 43625 | Trove    | Got a brightly glowing tin ring
 43645 | Trove    | Identified the ring "Wonoss" {rElec AC+4} (You found it in
                  | a treasure trove)
 43646 | Trove    | Identified the ring "Wenyce" {Dex+2 Stlth+} (You found it
                  | in a treasure trove)
 43648 | Trove    | Identified the ring of Vabb {EV+4 Dex+6} (You found it in a
                  | treasure trove)
 43650 | Trove    | Identified the ring of Abiapruv {+Inv rF++ rN+ Str-2
                  | Stlth+} (You found it in a treasure trove)
 43652 | Trove    | Identified the ring of Tender Moments {rPois Will+ EV+4
                  | Slay-4 Stlth+} (You found it in a treasure trove)
 43666 | Trove    | Got a translucent golden amulet
 43667 | Trove    | Identified the amulet "Elofeij" {Acrobat +Blink rPois rC-
                  | Dex+6} (You found it in a treasure trove)
 44082 | Vaults:4 | Found a radiant altar of Vehumet.
 44096 | Vaults:4 | Got a bloodstained hat
 44097 | Vaults:4 | Identified the cursed +0 hat of the Rose {rElec} (You found
                  | it on level 4 of the Vaults)
 44537 | Vaults:4 | Identified the +4 robe of Icir {*Contam rElec Str+9 Stlth+}
 45024 | Depths:1 | Entered Level 1 of the Depths
 46044 | Depths:1 | Found a gateway to Hell.
 46205 | Depths:2 | Found Meiputra's Armour Shoppe.
 46407 | Depths:2 | Found Bille's Jewellery Boutique.
 46452 | Depths:2 | Found Kehouhi's Antique Weapon Emporium.
 46646 | Depths:2 | Found a bloodstained altar of Trog.
 46691 | Depths:2 | Found the +15 Maxwell's patent armour {-Cast -Tele rElec
                  | Will+ rCorr}
 47212 | Depths:3 | Got a heavily runed helmet
 47219 | Depths:3 | Identified the +2 helmet "Ufuowin" {Rampage rF+ rC+++
                  | Int-2} (You found it on level 3 of the Depths)
 47779 | Depths:3 | Reached XP level 25. HP: 147/147 MP: 31/31
 47988 | Depths:3 | Found a transporter.
 47988 | Depths:3 | Found a transporter.
 47991 | Depths:3 | Found a viscous altar of Jiyva.
 48446 | Depths:3 | Found a one-way gate leading to the halls of Pandemonium.
 48610 | Depths:4 | Noticed Xtahua
 48638 | Depths:3 | Killed Xtahua
 48671 | Depths:4 | Paralysed by a floating eye for 4 turns
 48688 | Depths:4 | Reached skill level 10 in Dodging
 49017 | Depths:4 | You fall into a shaft and drop 1 floor!
 49017 | Depths:5 | Entered Level 5 of the Depths
 49017 | Depths:5 | Found a runed translucent door.
 49017 | Depths:5 | Found a runed translucent door.
 49331 | Depths:5 | Found a runed translucent door.
 49331 | Depths:5 | Found a runed translucent door.
 49351 | Depths:5 | Found a runed translucent door.
 49351 | Depths:5 | Found a runed translucent door.
 49432 | Depths:5 | Reached XP level 26. HP: 152/152 MP: 31/31
 49447 | Depths:5 | Found a gate to the Realm of Zot.
 49936 | Depths:5 | Reached skill level 15 in Armour
 50326 | Depths:4 | Found a one-way gate to the infinite horrors of the Abyss.
 50754 | Depths:5 | Found a shimmering blue altar of Sif Muna.
 50784 | Depths:5 | Found Ettorudu's Jewellery Emporium.
 50791 | Depths:5 | Found a gateway to a ziggurat.
 50794 | Depths:5 | Found Buxuod's Antique Weapon Boutique.
 50806 | Depths:5 | Acquired a manual of Throwing
 50849 | Depths:5 | Identified Ecatheydd's Grimoire of the Arsonist
 51475 | Lair:6   | Found a staircase to the Slime Pits.
 51498 | Slime:1  | Entered Level 1 of the Pits of Slime
 51853 | Slime:3  | Gained mutation: You often lose your temper in combat. [a
                  | shining eye]
 51854 | Slime:3  | Gained mutation: You are clumsy. (Dex -2) [a shining eye]
 52028 | Slime:3  | Gained mutation: Your magical capacity is low. (-10% MP) [a
                  | shining eye]
 52029 | Slime:3  | Lost mutation: You are clumsy. (Dex -2) [a shining eye]
 52138 | Slime:5  | Entered Level 5 of the Pits of Slime
 52860 | Slime:5  | Found a viscous altar of Jiyva.
 52860 | Slime:5  | Noticed the Royal Jelly
 52885 | Slime:5  | Killed the Royal Jelly
 53015 | Slime:5  | Reached XP level 27. HP: 156/156 MP: 28/28
 53055 | Slime:5  | Gained mutation: You are weak. (Str -2) [a shining eye]
 53058 | Slime:5  | Gained mutation: Your mind is acute. (Int +2) [a shining
                  | eye]
 53080 | Slime:5  | Got a heavily runed bronze ring
 53096 | Slime:5  | Got a transparent bronze amulet
 53103 | Slime:5  | Found the +10 morningstar "Eos" {elec, Halo rElec}
 53106 | Slime:5  | Identified the Catalogue of the Escort
 53129 | Slime:5  | Identified the amulet of Dysoon Voesh {Reflect rC+ rN+
                  | Int+6 Dex-2 SH+5} (You found it on level 5 of the Pits of
                  | Slime)
 53141 | Slime:5  | Identified the ring of Conversion {Dex+4 SInv} (You found
                  | it on level 5 of the Pits of Slime)
 53145 | Slime:5  | Acquired the +2 pair of boots of Kouchyum {Slay+6}
 53181 | Slime:5  | Identified The Papyrus of Greatest Risks and Utility
 53186 | Slime:5  | Got a slimy rune of Zot
 53195 | Slime:5  | Got a masterwork cloak
 53207 | Slime:5  | Identified the +1 cloak "Eliy" {-Tele rElec rCorr Str+5}
                  | (You found it on level 5 of the Pits of Slime)
 53221 | Slime:5  | Acquired 1194 gold pieces
 53679 | Zot:1    | Entered Level 1 of the Realm of Zot
 53914 | Zot:5    | Entered Level 5 of the Realm of Zot
 54047 | Zot:5    | Noticed an orb of fire
 54047 | Zot:5    | Gained mutation: Your body sometimes deteriorates upon
                  | taking damage. [an orb of fire]
 54048 | Zot:5    | Gained mutation: Your body often deteriorates upon taking
                  | damage. [an orb of fire]
 54061 | Zot:5    | Killed an orb of fire
 54596 | Zot:5    | Reached skill level 15 in Throwing
 54714 | Zot:5    | Noticed an ancient lich
 54717 | Zot:5    | Noticed an orb of fire
 54720 | Zot:5    | Killed an ancient lich
 54735 | Zot:5    | Killed an orb of fire
 54755 | Zot:5    | Noticed an ancient lich
 54759 | Zot:5    | Noticed an ancient lich
 54765 | Zot:5    | Killed an ancient lich
 54775 | Zot:5    | Killed an ancient lich
 55022 | Zot:5    | Noticed an ancient lich
 55026 | Zot:5    | Noticed an ancient lich
 55032 | Zot:5    | Killed an ancient lich
 55035 | Zot:5    | Killed an ancient lich
 55035 | Zot:5    | Noticed an orb of fire
 55051 | Zot:5    | Killed an orb of fire
 55130 | Zot:5    | Noticed an ancient lich
 55134 | Zot:5    | Killed an ancient lich
 55165 | Zot:5    | Noticed an ancient lich
 55172 | Zot:5    | Noticed an ancient lich
 55175 | Zot:5    | Killed an ancient lich
 55184 | Zot:5    | Killed an ancient lich
 55320 | Zot:5    | Got the Orb of Zot
 55518 | Depths:5 | Noticed Serhih the pandemonium lord
 55895 | D:$      | Escaped with the Orb!

Illustrated notes

Levels and vault maps discovered:
D:1:      scummos_arrival_star, layout_rooms, serial_bayou_pond_a
D:2:      minmay_angry_zag, layout_loops_cross, serial_undead, serial_undead_b,
          serial_undead_b, serial_undead_a, serial_undead_f, serial_undead_f,
          serial_undead_c, serial_bayou_lagoon_a, corexii_corridor_pit
D:3:      layout_basic, tso_altar, uniq_ijyb
D:4:      layout_loops_cross, nicolae_gozag_seed_capital,
          nicolae_dithmenos_the_darkroom, uniq_menkaure, uniq_sigmund
D:5:      corexii_shantytown, layout_basic, minmay_temple_entry_hall
D:6:      layout_gridville, cheibrodos_sewer_entry_sluice,
          uniq_crazy_yiuf_cottage
D:7:      layout_gridville, cheibriados_altar_1, nzn_makhleb_speed_demon,
          amcnicky_mini_corridor_feature, lightli_corner_chamber
D:8:      layout_cave_pools, minmay_three_doors
D:9:      layout_roguey, kennysheep_little_box, st_stairs_13
D:10:     layout_roguey
D:11:     layout_rooms, david_lair_shrubbed, nicolae_trove_entry_columns,
          lemuel_flamethrower_hall
D:12:     layout_roguey, david_orc_3
D:13:     layout_loops_ring, ximxim_vaults_locker_room
D:14:     nzn_winding_woodlands_huge [nzn_winding_woodlands_5x15_lazy_stream,
          nzn_winding_woodlands_5x15_sawtooth,
          nzn_winding_woodlands_5x15_river_crossing,
          nzn_winding_woodlands_5x15_default, nzn_winding_woodlands_5x15_parted,
          nzn_winding_woodlands_5x15_jagged, nzn_winding_woodlands_5x15_cabin,
          nzn_winding_woodlands_5x15_twine,
          nzn_winding_woodlands_5x15_sidewinder,
          nzn_winding_woodlands_5x15_default,
          nzn_winding_woodlands_center_garden,
          nzn_winding_woodlands_center_diamonds,
          nzn_winding_woodlands_15x15_killbox], layout_cave_pools,
          lemuel_mausoleum_altar_yredelemnul, serial_shops, nicolae_shop_stone,
          uniq_azrael
D:15:     gammafunk_depths_entry_grave, layout_cave_pools, minivault_19,
          serial_shops, shop_fountains, minmay_starry_boxes, uniq_roxanne,
          uniq_louise
Lair:1:   lemuel_slime, layout_regular_city, bh_autumn_forest_stairs,
          uniq_maggie
Lair:2:   layout_regular_city, spider_nest_entry_a, wad_woods_06,
          lemuel_fruit_tree, grunt_megastairs_4, minmay_lair_oklob_chamber,
          serial_bayou_shore_b, serial_bayou_shore_b, uniq_fannar
Lair:3:   layout_layer_cave, shoals_dummy_entry, forest_entry_grove,
          infiniplex_staircase_pool, grunt_megastairs_5, serial_bayou_shore_a,
          uniq_rupert
Lair:4:   layout_cave_pods, serial_bayou_shore_b
Lair:5:   layout_loops_ring, gauntlet_entry_generic
Lair:6:   grunt_lair_end_beastmaster, layout_cave_shapes,
          minmay_slime_entry_oklob_open, chequers_serial_rivers_small_3
Shoals:1: layout_shoals, serial_shops, shop_statue
Shoals:2: layout_shoals, nicolae_shoals_seven_spires,
          nicolae_shoals_cliffside_cave, hangedman_shoal_volcano,
          uniq_polyphemus
Shoals:3: layout_shoals, argonaut_gorgonesque
Shoals:4: shoals_end_simple, layout_shoals, serial_shops, shop_statue
Spider:1: layout_spider_delve, drop_trap
Spider:2: layout_spider_delve, zaba_anthell
Spider:3: layout_spider_delve
Spider:4: grunt_spider_rune_island, special_room [special_room_bee],
          uniq_arachne
Slime:1:  layout_caves
Slime:2:  layout_caves, basic_altar
Slime:3:  layout_caves, cheibrodos_slime_lost_civilization_4
Slime:4:  layout_caves
Slime:5
Orc:1:    layout_caves, serial_shops, shop, ebering_ghost_inner_flame
Orc:2:    grunt_orc_tribal_feast, layout_caves, sword_in_stone
Elf:1:    eino_elf_arrival_shootout, layout_geoelf_grid, minivault_28,
          uniq_kirke
Elf:2:    layout_geoelf_octagon, serial_shops, shop, guppyfry_elf_altar,
          uniq_asterion
Elf:3:    minmay_elf_hall, layout_gridlike, serial_shops, shop, basic_altar,
          special_room [special_room_mythical_zoo], item_on_display_a
Vaults:1: gammafunk_vaults_ghost_grave, nicolae_vaults_network_barrier,
          hangedman_vaults_stretched_pinwheel, v_misc_28, vaults_mumra_hex,
          vaults_room_stairs_pillars, v_misc_14, dpeg_vaults_monster_box,
          vaults_room_pool, ontoclasm_vaults_decontamination,
          layout_vaults_omnigrid, serial_shops, shop, serial_hangedman_research,
          hangedman_research_probablistics, hangedman_research_thermodynamics,
          hangedman_research_quantum, hangedman_research_metamorphosis,
          hangedman_research_geology, uniq_saint_roka
Vaults:2: minmay_crypt_entry_simple_round, vaults_room_corners,
          vaults_room_hallway, v_misc_18, vaults_not_door_vault_due,
          ontoclasm_vaults_spin, v_misc_32, v_misc_8, v_misc_23,
          nicolae_vaults_network_star, layout_vaults_ring, basic_altar,
          serial_shops, nicolae_shop_trees, shop_fountains,
          nicolae_shop_waterfront, shop
Vaults:3: v_pattern_3, st_cells, nicolae_vaults_circle_grid_b,
          nicolae_vaults_little_squares_1, hangedman_vaults_stitches, v_misc_1,
          hangedman_vaults_capsules, v_misc_29, vaults_dpeg_spiral,
          nicolae_vaults_angled_halls, vaults_room_door_hall,
          layout_vaults_omnicross, uniq_mara, uniq_sojobo, uniq_margery
Vaults:4: nicolae_vaults_big_ls, nicolae_vaults_diagonal_hallway_8,
          grunt_tower_of_power, v_rooms_6, v_misc_13, ontoclasm_vaults_shuriken,
          nicolae_vaults_sealed_display, dpeg_vaults_monster_row,
          hangedman_vaults_maws, layout_vaults_chaotic_city, serial_shops, shop
Crypt:1:  layout_gridlike, minivault_5, minmay_guarded_unrand_curses,
          grunt_crypt_arrival_guarded_gate, uniq_frederick
Crypt:2:  layout_catacombs
Crypt:3:  david_glass_crypt, layout_basic, due_unseen_surprise,
          grunt_megastairs_1
Depths:1: layout_gridville, minmay_misc_feat_columns, hell_entry,
          chequers_decorated_corner, kb_rosetta, serial_bayou_shore_b
Depths:2: gammafunk_mikee_crab_dinner, layout_cave_shapes, serial_shops, shop,
          shop, shop, roderic_roman_lattice, hell_entry,
          evilmike_spriggan_trog_shrine
Depths:3: gammafunk_jiyva_shrine, layout_cave_shapes, rand_demon_pan_entry_9,
          hell_entry, infiniplex_staircase_diamond, kennysheep_random_hallway,
          serial_bayou_shore_b
Depths:4: hangedman_cross_stitches, layout_basic, abyss_entry,
          patterned_corridor, grunt_metal_band, chequers_serial_rivers_small_a,
          corexii_hall_statues_s, minmay_staircase_windowed_large,
          firewood_loft, uniq_xtahua
Depths:5: evilmike_zot_entry_castle, layout_cave_shapes, enter_ziggurat_e,
          minmay_stone_trees_small, hell_entry, serial_shops, shop,
          nicolae_shop_crystal, argonaut_fire_from_heaven
Zot:1:    layout_cellular_growth, st_small_dragon_hoard_5, grunt_ministairs_10
Zot:2:    layout_twisted_circle, st_single_dragon_hoard_2
Zot:3:    kennysheep_bubbly, layout_twisted_circle
Zot:4:    layout_gridlike
Zot:5:    layout_misc_corridors

Skill      XL: |  1  2  3  4  5  6  7  8  9 10 11 12 13 14 15 16 17 18 19 20 21 22 23 24 25 26 27 |
---------------+----------------------------------------------------------------------------------+-----
Polearms       | 2 3 4 5 6 8 9 10 11 12 13 14 15 16 17 19 20 | 20.0
Shields        | 3 4 5 6 7 9 10 11 12 13 14 15 16 18 19 20 | 20.0
Conjurations   | 2 3 5 6 |  6.1
Fighting       | 4 6 7 9 11 13 14 16 17 18 20 | 20.0
Invocations    | 1 6 8 9 10 | 10.0
Armour         | 5 7 9 10 11 12 14 16 18 | 18.4
Throwing       | 9 11 13 17 | 17.9
Evocations     | 3 9 10 | 10.0
Dodging        | 5 8 10 | 10.0

Action                   |  1- 3 |  4- 6 |  7- 9 | 10-12 | 13-15 | 16-18 | 19-21 | 22-24 | 25-27 || total
-------------------------+-------+-------+-------+-------+-------+-------+-------+-------+-------++-------
Melee: Trident           |    77 |   261 |   229 |   628 |  1385 |       |       |       |       ||  2580
       Bite              |     9 |    65 |    97 |   235 |   563 |   529 |   601 |   564 |   622 ||  3285
       Spear             |       |       |   197 |       |       |       |       |       |       ||   197
       Trishula          |       |       |       |       |   121 |  1734 |  1648 |  1614 |  1568 ||  6685
Throw: Boomerang         |       |       |       |     2 |    11 |     8 |       |       |       ||    21
       Javelin           |       |       |       |       |       |     5 |    11 |    25 |   102 ||   143
 Cast: Magic Dart        |       |       |     2 |       |       |       |       |       |       ||     2
Invok: Divine Shield     |       |       |       |     4 |     3 |     5 |     6 |     8 |    17 ||    43
       Summon Divine War |       |       |       |       |     2 |     4 |     3 |     2 |     3 ||    14
       Brand Weapon With |       |       |       |       |     1 |       |       |       |       ||     1
       Cleansing Flame   |       |       |       |       |       |     1 |     2 |       |     4 ||     7
Evoke: Wand              |       |     3 |     4 |    24 |    11 |    15 |    10 |     7 |     7 ||    81
       Phial of floods   |       |       |     1 |     1 |     1 |       |     1 |       |     2 ||     6
       Lightning rod     |       |       |       |       |       |     6 |       |       |       ||     6
  Use: Scroll            |     1 |     2 |    12 |    19 |    11 |    15 |     7 |    21 |    16 ||   104
       Potion            |       |     2 |       |     2 |     2 |     1 |     3 |     2 |     3 ||    15
Armor: Chain mail        |    43 |    39 |       |       |       |       |       |       |       ||    82
       Scale mail        |     1 |    34 |       |       |       |       |       |       |       ||    35
       Ring mail         |       |    19 |    60 |       |       |       |       |       |       ||    79
       Plate armour      |       |       |    29 |   126 |   472 |   648 |   255 |   227 |   322 ||  2079
Dodge: Dodged            |    14 |    53 |    68 |    61 |   157 |   167 |    85 |   116 |   227 ||   948
Block: Kite shield       |    29 |   102 |   167 |   214 |   413 |       |       |       |       ||   925
       Tower shield      |       |       |       |       |   313 |  1419 |  1090 |  1102 |  1332 ||  5256
       Reflection        |       |       |       |       |       |       |    80 |   173 |    55 ||   308

Table legend: (Time is in decaauts)
 A = Elapsed time spent in this place.
 B = Non-inter-level travel time spent in this place.
 C = Inter-level travel time spent in this place.
 D = Time resting spent in this place.
 E = Time spent auto-exploring this place.
 F = Levels seen in this place.
 G = Mean time per level.
                   A        B        C        D        E       F      G
               +--------+--------+--------+--------+--------+-----+--------+
         Total |  54302 |  47402 |   6900 |   5020 |  27442 |  59 |  920.4 |
       Dungeon |  15071 |  12715 |   2356 |   1329 |   7637 |  15 | 1004.7 |
          Lair |   6862 |   5550 |   1312 |     62 |   4097 |   6 | 1143.7 |
        Shoals |   3267 |   2899 |    368 |    543 |   1318 |   4 |  816.8 |
   Spider Nest |   3671 |   3391 |    280 |    429 |   1660 |   4 |  917.8 |
    Slime Pits |   1173 |   1070 |    103 |    295 |     65 |   5 |  234.6 |
  Orcish Mines |   1378 |   1273 |    105 |    130 |    763 |   2 |  689.0 |
   Elven Halls |   2847 |   2745 |    102 |    104 |   1636 |   3 |  949.0 |
        Vaults |   7946 |   6688 |   1258 |    805 |   4026 |   4 | 1986.5 |
         Crypt |   3650 |   3350 |    300 |    583 |   2034 |   3 | 1216.7 |
        Depths |   5915 |   5257 |    658 |    402 |   3320 |   5 | 1183.0 |
           Zot |   1676 |   1622 |     54 |    235 |    603 |   5 |  335.2 |
         Trove |     77 |     77 |      0 |      0 |      7 |   1 |   77.0 |
         Sewer |    260 |    260 |      0 |      0 |     94 |   1 |  260.0 |
      Gauntlet |    502 |    502 |      0 |     98 |    179 |   1 |  502.0 |
               +--------+--------+--------+--------+--------+-----+--------+

Top non-repeatable levels by time:
Vaults:1: 2469 daAuts
Vaults:3: 1903 daAuts
Vaults:2: 1824 daAuts
Vaults:4: 1748 daAuts
 Crypt:2: 1636 daAuts
Depths:5: 1636 daAuts
    D:14: 1547 daAuts
    D:13: 1532 daAuts
  Lair:3: 1466 daAuts
   Elf:3: 1419 daAuts
   Zot:5: 1369 daAuts
Shoals:4: 1344 daAuts
    D:11: 1322 daAuts
  Lair:1: 1293 daAuts
    D:12: 1286 daAuts
